 Dungeon Crawl Stone Soup version 0.28.0-53-g5a82cb258f (console) character file.

Game seed: 11609435219944272501

21791 Banquo the Arsonist (level 12, -4/72 HPs)
             Began as a Gargoyle Fire Elementalist on July 28, 2022.
             Was an Elder of Vehumet.
             Slain by a seven-headed hydra (6 damage)
             ... on level 3 of the Lair of Beasts.
             The game lasted 01:19:29 (19836 turns).

Banquo the Arsonist (Gargoyle Fire Elementalist)   Turns: 19836, Time: 01:19:29

Health: -4/72      AC: 18    Str: 13    XL:     12   Next: 93%
Magic:  26/35      EV: 13    Int: 20    God:    Vehumet [****..]
Gold:   607        SH:  0    Dex: 10    Spells: 8/32 levels left

rFire   + . .      SeeInvis .   b - staff of fire
rCold   . . .      Faith    .   (no shield)
rNeg    + . .      Spirit   .   d - +0 steam dragon scales
rPois   ∞          Reflect  .   h - +0 helmet
rElec   +          Harm     .   (no cloak)
rCorr   .          Rampage  .   g - +0 pair of gloves
Will    .....                   f - +0 pair of boots
Stlth   ++........              (no amulet)
HPRegen 0.22/turn               e - ring of magical power
MPRegen 0.24/turn               K - +4 ring of slaying

@: no status effects
A: sickness immunity, AC +8, negative energy resistance 1, electricity
resistance, torment resistance 1, petrification resistance
a: Renounce Religion


You were on level 3 of the Lair of Beasts.
You worshipped Vehumet.
Vehumet was greatly pleased with you.
You visited 2 branches of the dungeon, and saw 13 of its levels.
You also visited: Sewer.

You collected 607 gold pieces.

Inventory:

Hand Weapons
 a - the +2 dagger of Cufeupre {venom, rC+ Will+}
   (You found it on level 2 of the Lair of Beasts)

   It poisons the flesh of those it strikes.
   rC:        It protects you from cold.
   Will:      It increases your willpower.
 c - a +2 dagger of speed
 C - a +3 short sword of electrocution
Missiles
 k - 24 poisoned darts
 s - 4 boomerangs
 t - a throwing net
 R - 367 stones
Armour
 d - +0 steam dragon scales (worn)
 f - a +0 pair of boots (worn)
 g - a +0 pair of gloves (worn)
 h - a +0 helmet (worn)
 x - a +2 leather armour of fire resistance
 T - the +5 robe of Night {Dark Will+ SInv}
   (You found it on level 7 of the Dungeon)

   It shrouds the wearer in darkness, reducing the range at which they can see
   and be seen by others.
   SInv:      It lets you see invisible.
   Will:      It increases your willpower.
Magical Staves
 b - a staff of fire (weapon)
 I - a staff of cold
Jewellery
 e - a ring of magical power (left hand)
 J - a ring of positive energy
 K - a +4 ring of slaying (right hand)
 S - a ring of see invisible
Wands
 l - a wand of iceblast (17)
 u - a wand of mindburst (10)
 D - a wand of digging (4)
Scrolls
 i - 3 scrolls of teleportation
 m - a scroll of magic mapping
 o - a scroll of blinking
 p - 2 scrolls of fog
 O - a scroll of holy word
Potions
 n - 3 potions of ambrosia
 q - 5 potions of flight
 r - 4 potions of haste
 A - 6 potions of curing {unknown}
 B - a potion of invisibility
 E - 2 potions of magic
 F - 2 potions of heal wounds
 G - a potion of brilliance
 H - a potion of cancellation
 N - a potion of might
 Q - a potion of resistance {unknown}


   Skills:
 * Level 7.1 Fighting
 - Level 4.0 Armour
 * Level 5.7 Dodging
 - Level 2.1 Stealth
 + Level 10.6 Spellcasting
 * Level 9.8 Conjurations
 + Level 11.1 Fire Magic
 - Level 3.0 Ice Magic
 - Level 3.0 Air Magic
 - Level 3.0 Poison Magic


You had 8 spell levels left.
You knew the following spells:

 Your Spells              Type           Power      Damage    Failure   Level
a - Scorch                Fire           100%       2d10      1%          2
b - Fireball              Conj/Fire      34%        3d14      1%          5
c - Mephitic Cloud        Conj/Pois/Air  31%        N/A       1%          3
f - Conjure Flame         Conj/Fire      68%        6-21      1%          3
r - Searing Ray           Conj           98%        2d8       1%          2
s - Sticky Flame          Conj/Fire      68%        2d8       1%          4
w - Flame Wave            Conj/Fire      68%        2d13      1%          4
z - Foxfire               Conj/Fire      100%       2x1d9     1%          1

Your spell library contained the following spells:

 Spells                   Type           Power      Damage    Failure   Level
 Magic Dart               Conj           100%       1d8       1%          1
 Static Discharge         Conj/Air       36%        N/A       1%          2
 Inner Flame              Hex/Fire       49%        N/A       1%          3
 Fulminant Prism          Conj/Hex       15%        3d11      2%          4
 Pain                     Necr           40%        1d6       7%          1
 Call Imp                 Summ           10%        N/A       10%         2
 Gell's Gravitas          Tloc           10%        N/A       21%         3
 Dispel Undead            Necr           10%        3d9       54%         4
 Excruciating Wounds      Necr           5%         N/A       88%         5
 Simulacrum               Ice/Necr       8%         N/A       99%         6
 Summon Cactus Giant      Summ           5%         N/A       100%        6


Dungeon Overview and Level Annotations

Branches:
Dungeon (10/15)            Temple (0/1) D:6            Lair (3/6) D:10
 Spider (0/4) Lair:2          Orc (0/2) D:9           Sewer (visited)
  Swamp: Lair:2-4    Shoals: Lair:2-4

Altars:
Okawaru
Vehumet

Annotations:
Lair:2 water


Innate Abilities, Weirdness & Mutations

You are immune to sickness and miasma.
Your stone body is resilient. (AC +8)
You are immune to poison.
You resist negative energy. (rN+)
You are resistant to electric shocks. (rElec)
You are resistant to unholy torment.
You are immune to petrification.


Message History

The flame wave engulfs the seven-headed hydra!
The seven-headed hydra is severely wounded.
The flame wave engulfs the dream sheep.
The dream sheep is almost dead.
You finish channelling waves of flame.
You are engulfed in blazing flames.
You resist.
You hear a howl!
The seven-headed hydra bites you!
The seven-headed hydra completely misses you.
The seven-headed hydra barely misses you.
The seven-headed hydra bites you. The seven-headed hydra misses you.
The seven-headed hydra bites you but does no damage.
The seven-headed hydra bites you.
Unknown command.
Casting: Flame Wave (safe; 1% risk of failure)
Confirm with . or Enter, or press ? or * to list all spells.
Aiming: Sticky Flame (safe; 1% risk of failure)
Press: ? - help, Shift-Dir - straight line, f - seven-headed hydra
Aim: a seven-headed hydra (severely wounded, 100% to hit)
You feel a surge of power!
The sticky flame hits the seven-headed hydra.
The seven-headed hydra is severely wounded.
The seven-headed hydra is covered in liquid flames!
You are engulfed in blazing flames.
You resist.
The seven-headed hydra burns!
The seven-headed hydra bites you.
The seven-headed hydra bites you but does no damage. x3
The seven-headed hydra bites you.
* * * LOW HITPOINT WARNING * * *
The seven-headed hydra bites you but does no damage.
The seven-headed hydra barely misses you.
Found a wand of mindburst (3).
The seven-headed hydra burns!
The seven-headed hydra bites you.
* * * LOW HITPOINT WARNING * * *
The seven-headed hydra bites you!
* * * LOW HITPOINT WARNING * * *
The seven-headed hydra bites you but does no damage.
The seven-headed hydra bites you!
* * * LOW HITPOINT WARNING * * *
The seven-headed hydra bites you.
You die...

## ############# #..###
#..### ##...# #..##
#.P### #..#.# ######...##
####...#....#
#.YD@§.#....#
+/..#§§§#...##
######§§§#....##
#...(.§§§#.....#
######♣♣.♣♣######....##
#.............♣♣#.#...##
#..###########.♣#.#....##
#..'....†.†..'..#.......#
#♣.###########.♣#.#.P...#


You could see a seven-headed hydra (burning) and a dream sheep.

Vanquished Creatures
  A hydra (Lair:3)
  A boulder beetle (D:8)
  2 two-headed ogres
  The ghost of Moto the Basher, a novice MiBe of Trog (D:5)
  A manticore (D:9)
  7 elephants
  2 black mambas (Lair:3)
  A torpor snail (Lair:2)
  8 cane toads
  2 rime drakes
  5 komodo dragons
  A troll (D:9)
  6 dream sheep (D:7)
  2 culicivoras (Lair:2)
  Sigmund (D:6)
  2 shadows (D:7)
  A wraith (D:10)
  2 basilisks
  4 wyverns
  11 yaks
  3 steam dragons
  8 water moccasins
  3 ice beasts (D:7)
  2 orc warriors
  A sky beast (D:6)
  4 black bears
  4 wolves
  3 ogres
  2 kobold brigands
  2 phantoms (D:6)
  Blork the orc (D:4)
  9 bullfrogs
  2 scorpions (D:4)
  A wyvern zombie (D:8)
  A wyvern skeleton (D:7)
  16 killer bees
  11 wights
  4 centaur zombies
  2 hounds
  An orc priest (D:9)
  2 jellies
  2 bullfrog skeletons
  A centaur skeleton (D:7)
  5 orc wizards
  2 iguanas (D:5)
  Terence (D:2)
  A hell rat (Lair:3)
  A killer bee zombie (D:7)
  2 hound skeletons
  A howler monkey zombie (D:9)
  7 gnolls
  A howler monkey skeleton (D:6)
  4 river rats (Sewer)
  11 adders
  2 white imps
  2 adder skeletons (D:4)
  4 worms
  3 dart slugs
  24 orcs
  14 ball pythons
  11 endoplasms
  20 giant cockroaches
  3 goblins
  3 hobgoblins
  13 jackals
  12 kobolds
  7 quokkas
  8 bats
  9 frilled lizards (Sewer)
  A jackal skeleton (D:4)
  2 rats
320 creatures vanquished.

Vanquished Creatures (others)
  428 foxfires
  2 fungi (D:10)
  14 plants
444 creatures vanquished.

Grand Total: 764 creatures vanquished

Notes
Turn   | Place    | Note
-------+----------+-------------------------------------------
     0 | D:1      | Banquo the Gargoyle Fire Elementalist began the quest for
                  | the Orb.
     0 | D:1      | Reached XP level 1. HP: 10/10 MP: 3/3
   158 | D:1      | Reached XP level 2. HP: 11/15 MP: 0/5
   229 | D:1      | Learned a level 2 spell: Scorch
   753 | D:1      | Found a faded altar of an unknown god.
   952 | D:1      | Reached XP level 3. HP: 19/19 MP: 1/6
   956 | D:1      | Learned a level 3 spell: Conjure Flame
  1735 | D:2      | You fall into a shaft and drop 1 floor!
  1995 | D:3      | Reached XP level 4. HP: 24/24 MP: 7/8
  2005 | D:3      | Found a glowing drain.
  2089 | Sewer    | Entered a sewer
  2383 | Sewer    | Reached skill level 4 in Fire Magic
  2451 | Sewer    | Reached XP level 5. HP: 27/28 MP: 9/9
  3220 | D:2      | Learned a level 2 spell: Searing Ray
  3540 | D:2      | Found a radiant altar of Vehumet.
  3546 | D:2      | Became a worshipper of Vehumet
  3563 | D:2      | Noticed Terence
  3976 | D:2      | Reached XP level 6. HP: 32/32 MP: 11/11
  4116 | D:2      | Killed Terence
  4341 | D:3      | Reached * piety under Vehumet
  4341 | D:3      | Offered knowledge of Freeze by Vehumet.
  4730 | D:4      | Reached skill level 5 in Fire Magic
  5025 | D:4      | Reached XP level 7. HP: 36/36 MP: 13/13
  5027 | D:4      | Noticed Blork the orc
  5032 | D:4      | Killed Blork the orc
  5495 | D:4      | Learned a level 4 spell: Flame Wave
  5496 | D:5      | Entered Level 5 of the Dungeon
  5559 | D:5      | Got the Catalogue of Dark Dislocation
  5887 | D:5      | Reached skill level 5 in Spellcasting
  5887 | D:5      | Reached skill level 6 in Fire Magic
  5949 | D:5      | Reached XP level 8. HP: 41/41 MP: 15/15
  6172 | D:5      | Offered knowledge of Static Discharge by Vehumet.
  6363 | D:5      | Found a transporter.
  6367 | D:5      | Found a transporter.
  6368 | D:5      | Noticed Moto's ghost (novice MiBe)
  6476 | D:5      | Reached ** piety under Vehumet
  6769 | D:5      | Found a transporter.
  6773 | D:5      | Found a transporter.
  7284 | D:6      | Reached skill level 5 in Conjurations
  7400 | D:6      | Noticed Sigmund
  7405 | D:6      | Killed Sigmund
  7650 | D:6      | Reached skill level 7 in Fire Magic
  7965 | D:6      | Found a staircase to the Ecumenical Temple.
  7994 | D:6      | Reached XP level 9. HP: 39/45 MP: 19/19
  8696 | D:7      | Reached skill level 1 in Fighting
  8880 | D:7      | Reached skill level 1 in Armour
  8930 | D:7      | Learned a level 4 spell: Sticky Flame
  9127 | D:7      | Identified the +1 ring mail "Tobaekha" {Drain rElec rPois
                  | rF-}
  9467 | D:7      | Offered knowledge of Frozen Ramparts by Vehumet.
  9509 | D:7      | Found an iron altar of Okawaru.
  9705 | D:7      | Reached skill level 1 in Air Magic
  9705 | D:7      | Reached skill level 1 in Poison Magic
  9760 | D:7      | Reached skill level 8 in Fire Magic
  9763 | D:7      | Reached XP level 10. HP: 54/54 MP: 16/21
  9904 | D:7      | Found the +5 robe of Night {Dark Will+ SInv}
 10149 | D:7      | Learned a level 3 spell: Mephitic Cloud
 10600 | D:8      | Noticed a boulder beetle
 10788 | D:8      | Noticed a two-headed ogre
 10792 | D:8      | Killed a two-headed ogre
 10792 | D:8      | Reached *** piety under Vehumet
 11451 | D:8      | Killed a boulder beetle
 11808 | D:9      | Found a staircase to the Orcish Mines.
 12062 | D:9      | Reached XP level 11. HP: 61/61 MP: 23/23
 12179 | D:9      | Offered knowledge of Ignite Poison by Vehumet.
 12180 | D:9      | Reached skill level 9 in Fire Magic
 12180 | D:9      | Noticed a manticore
 12187 | D:9      | Killed a manticore
 12583 | D:10     | Entered Level 10 of the Dungeon
 13092 | D:10     | Found a staircase to the Lair.
 13409 | D:10     | Noticed a two-headed ogre
 13415 | D:10     | Killed a two-headed ogre
 13416 | D:10     | Reached skill level 5 in Fighting
 14123 | Lair:1   | Entered Level 1 of the Lair of Beasts
 14410 | Lair:1   | Reached skill level 10 in Fire Magic
 14553 | Lair:1   | Reached skill level 1 in Ice Magic
 14611 | Lair:1   | Reached **** piety under Vehumet
 15378 | Lair:2   | Reached XP level 12. HP: 66/69 MP: 24/25
 15870 | Lair:2   | Reached skill level 5 in Dodging
 15883 | Lair:2   | Offered knowledge of Fireball by Vehumet.
 15890 | Lair:2   | Learned a level 5 spell: Fireball
 16094 | Lair:2   | Identified the +2 dagger of Cufeupre {venom, rC+ Will+}
 16191 | Lair:2   | Found a hole to the Spider Nest.
 16588 | Lair:3   | Reached skill level 10 in Spellcasting
 16890 | Lair:3   | Noticed a four-headed hydra
 16898 | Lair:3   | Killed a four-headed hydra
 18785 | Lair:3   | Reached skill level 11 in Fire Magic
 19199 | D:5      | Killed Moto's ghost
 19830 | Lair:3   | Noticed a seven-headed hydra
 19836 | Lair:3   | HP: 2/72 [seven-headed hydra (10)]
 19836 | Lair:3   | Slain by a seven-headed hydra

Illustrated notes

Levels and vault maps discovered:
D:1:      heliophobic_arrival_glass_houses, layout_basic,
          shapermc_ecumenical_altar_totnotflames,
          chequers_serial_rivers_micro_e, corexii_leaking_fountain
D:2:      layout_loops_cross, basic_altar, uniq_terence
D:3:      minmay_roachtagon, layout_basic, gup_sewer_entry_pipe
D:4:      layout_cave_pools, uniq_blork_the_orc
D:5:      nicolae_cairo_tiling_very_big, layout_basic, gammafunk_ghost_hive
D:6:      layout_basic, minmay_temple_entry_glassed_door, uniq_sigmund
D:7:      layout_layer_cave, kennysheep_mini, hellmonk_guarded_unrand_night
D:8:      layout_basic
D:9:      layout_cave_pools, orc_0_dummy, kennysheep_generic_room_8
D:10:     layout_roguey, minmay_lair_entry_grove
Lair:1:   layout_gridlike
Lair:2:   layout_gridlike, hellmonk_spider_entry_life_and_decay,
          lemuel_another_geyser, serial_bayou_shore_b
Lair:3:   nzn_winding_woodlands_huge [nzn_winding_woodlands_5x15_twine,
          nzn_winding_woodlands_5x15_pockets, nzn_winding_woodlands_5x15_eye,
          nzn_winding_woodlands_5x15_sawtooth, nzn_winding_woodlands_5x15_pool,
          nzn_winding_woodlands_5x15_default,
          nzn_winding_woodlands_5x15_concentric,
          nzn_winding_woodlands_5x15_parted,
          nzn_winding_woodlands_5x15_sidewinder,
          nzn_winding_woodlands_5x15_longhouse,
          nzn_winding_woodlands_center_lodge,
          nzn_winding_woodlands_center_pierced_h,
          nzn_winding_woodlands_15x15_killbox], layout_misc_corridors

Skill      XL: |  1  2  3  4  5  6  7  8  9 10 11 12 |
---------------+-------------------------------------+-----
Conjurations   | 2 3 4 5 7 8 9 |  9.8
Spellcasting   | 3 4 5 6 7 8 9 10 | 10.6
Fire Magic     | 4 5 6 7 8 10 11 | 11.1
Fighting       | 2 4 5 7 |  7.1
Dodging        | 2 3 4 5 |  5.7
Armour         | 2 4 |  4.0
Air Magic      | 1 2 3 |  3.0
Poison Magic   | 1 3 |  3.0
Ice Magic      | 1 3 |  3.0
Stealth        | |  2.1

Action                   |  1- 3 |  4- 6 |  7- 9 | 10-12 || total
-------------------------+-------+-------+-------+-------++-------
Melee: Unarmed           |     7 |       |       |       ||     7
       Dagger            |     6 |     4 |       |       ||    10
       Staff             |       |       |       |     2 ||     2
       Short sword       |       |       |       |     1 ||     1
 Cast: Foxfire           |    28 |    61 |    91 |    69 ||   249
       Scorch            |    42 |    62 |    68 |   193 ||   365
       Searing Ray       |       |     4 |       |     1 ||     5
       Conjure Flame     |       |       |     4 |     9 ||    13
       Sticky Flame      |       |       |     4 |    44 ||    48
       Flame Wave        |       |       |     3 |    16 ||    19
       Mephitic Cloud    |       |       |       |     6 ||     6
       Fireball          |       |       |       |    54 ||    54
  Use: Scroll            |       |       |    13 |    11 ||    24
Armor: Robe              |     7 |     7 |       |    57 ||    71
       Leather armour    |       |       |     3 |       ||     3
       Steam dragon scal |       |       |       |    10 ||    10
Dodge: Dodged            |    11 |    21 |     8 |    81 ||   121
